 Dungeon Crawl Stone Soup version 0.29.1-13-g9f3cf754e1 (webtiles) character file.

Game seed: 3938051264531555882

20418 billybob123456 the Fighter (level 12, -3/113 HPs)
             Began as a Minotaur Fighter on Feb 3, 2023.
             Was a High Priest of Qazlal.
             Blown up by an orb spider (39 damage)
             ... with an orb of destruction
             ... on level 1 of the Spider Nest on Feb 4, 2023.
             The game lasted 01:02:05 (10788 turns).

billybob123456 the Fighter (Minotaur Fighter)      Turns: 10788, Time: 01:02:06

Health: -3/113     AC: 38    Str: 23    XL:     12   Next: 45%
Magic:  20/20      EV:  7    Int:  9    God:    Qazlal [*****.]
Gold:   542        SH: 14    Dex: 17    Spells: 9/11 levels left

rFire   . . .      SeeInvis .   a - +0 war axe (venom)
rCold   + . .      Faith    .   c - +0 buckler
rNeg    . . .      Spirit   .   n - +17 plate armour of the Black Moon {rC+ Int+2}
rPois   .          Reflect  .   (helmet restricted)
rElec   .          Harm     .   T - +1 cloak
rCorr   .          Rampage  .   o - +0 pair of gloves
Will    .....                   F - +0 pair of boots
Stlth   ..........              D - amulet of regeneration
HPRegen 1.08/turn               y - ring of magical power
MPRegen 0.17/turn               W - +6 ring of dexterity

@: repel missiles
A: horns 2, retaliatory headbutt
a: Renounce Religion, Upheaval, Elemental Force, Disaster Area


You were on level 1 of the Spider Nest.
You worshipped Qazlal.
Qazlal was extremely pleased with you.
You visited 4 branches of the dungeon, and saw 13 of its levels.

You collected 581 gold pieces.
You spent 39 gold pieces at shops.

Inventory:

Hand Weapons
 a - a +0 war axe of venom (weapon)
 d - a +0 battleaxe of holy wrath
 v - the +6 whip "Quach" {vorpal, rF++ rC++ Will-}
   (You found it on level 3 of the Dungeon)

   It inflicts extra damage upon your enemies.
   rF:        It greatly protects you from fire.
   rC:        It greatly protects you from cold.
   Will:      It decreases your willpower.
 O - a +2 dagger of speed
 S - a +4 quarterstaff of chaos
 U - a +2 broad axe of flaming
 V - a +4 rapier of flaming
 X - a +2 long sword
Missiles
 b - 4 throwing nets (quivered)
 t - 6 silver javelins
Armour
 c - a +0 buckler (worn)
 j - a +0 plate armour
 n - the +17 plate armour of the Black Moon (worn) {rC+ Int+2}
   (You found it on level 2 of the Dungeon)

   Int:       It affects your intelligence (+2).
   rC:        It protects you from cold.
 o - a +0 pair of gloves (worn)
 F - a +0 pair of boots (worn)
 T - a +1 cloak (worn)
 Z - a +0 scale mail of fire resistance
Magical Staves
 x - a staff of poison
Jewellery
 y - a ring of magical power (left hand)
 D - an amulet of regeneration (around neck)
 W - a +6 ring of dexterity (right hand)
Wands
 g - a wand of roots (17)
 l - a wand of acid (9)
 z - a wand of flame (10)
 B - a wand of polymorph (4)
 K - a wand of digging (9)
Scrolls
 e - 2 scrolls of amnesia {unknown}
 h - 4 scrolls of poison {unknown}
 i - 2 scrolls of teleportation
 k - 3 scrolls of enchant armour {unknown}
 m - 9 scrolls of identify {unknown}
 p - a scroll of summoning {unknown}
 q - 2 scrolls of blinking {unknown}
 r - 2 scrolls of vulnerability {unknown}
 s - a scroll of fear {unknown}
 u - 3 scrolls of magic mapping {unknown}
 G - 3 scrolls of immolation {unknown}
 I - 7 scrolls of butterflies {unknown}
 J - a scroll of enchant weapon {unknown}
 M - a scroll of silence {unknown}
Potions
 f - a potion of flight
 w - a potion of mutation {unknown}
 A - a potion of curing
 C - a potion of resistance
 E - 3 potions of invisibility
 H - a potion of brilliance {unknown}
 L - 2 potions of ambrosia
 N - 2 potions of degeneration {unknown}
 P - 2 potions of magic {unknown}
 Q - a potion of attraction
 R - 3 potions of lignification


   Skills:
 + Level 12.9 Fighting
 + Level 11.7 Long Blades
 + Level 10.0 Axes
 + Level 12.0 Armour
 + Level 12.1 Shields


You had 9 spell levels left.
You knew the following spells:

 Your Spells              Type           Power      Damage    Failure   Level
a - Beastly Appendage     Tmut           0%         N/A       99%         1
b - Summon Small Mammal   Summ           0%         N/A       99%         1

Your spell library contained the following spells:

 Spells                   Type           Power      Damage    Failure   Level
 Apportation              Tloc           0%         N/A       99%         1
 Necrotise                Necr           0%         1d4       99%         1
 Blink                    Tloc           0%         N/A       100%        2
 Wereblood                Tmut           0%         N/A       100%        2
 Call Canine Familiar     Summ           0%         N/A       100%        3
 Gell's Gravitas          Tloc           0%         N/A       100%        3
 Lesser Beckoning         Tloc           0%         N/A       100%        3
 Spider Form              Tmut/Pois      0%         N/A       100%        3
 Summon Guardian Golem    Hex/Summ       0%         N/A       100%        3
 Teleport Other           Tloc           0%         N/A       100%        3
 Animate Dead             Necr           0%         N/A       100%        4
 Hailstorm                Conj/Ice       0%         3d3       100%        4
 Ice Form                 Ice/Tmut       0%         N/A       100%        4
 Passage of Golubria      Tloc           0%         N/A       100%        4
 Borgnjor's Vile Clutch   Necr/Erth      0%         N/A       100%        5
 Manifold Assault         Tloc           0%         N/A       100%        5
 Silence                  Hex/Air        0%         N/A       100%        5
 Death Channel            Necr           0%         N/A       100%        6
 Dispersal                Tloc           0%         N/A       100%        6
 Simulacrum               Ice/Necr       0%         N/A       100%        6
 Lehudib's Crystal Spear  Conj/Erth      0%         10d2      100%        8


Dungeon Overview and Level Annotations

Branches:
Dungeon (9/15)             Temple (1/1) D:7            Lair (2/5) D:9
 Spider (1/4) Lair:2
  Swamp: Lair:2-3    Shoals: Lair:2-3       Orc: D:9-12

Altars:
Ashenzari
Cheibriados
Dithmenos
Elyvilon
Fedhas
Gozag
Hepliaklqana
Kikubaaqudgha
Makhleb
Nemelex Xobeh
Okawaru
Qazlal
Ru
Sif Muna
Trog
Uskayaw
Vehumet
Wu Jian
Yredelemnul
Zin
The Shining One

Shops:
D:5 =(?!*   D:6 =

Annotations:
D:4 2 transporters


Innate Abilities, Weirdness & Mutations

You have a pair of horns on your head.
You reflexively headbutt those who attack you in melee.


Message History

The jumping spider leaps!
The orb spider spins a strand of pure energy.
An orb spider comes into view.
You hit the orb spider.
The orb spider is poisoned.
Your headbutt misses the orb spider.
The orb spider is heavily wounded.
The orb spider weaves a glowing orb of energy.
The wavering orb of destruction weakly hits you but does no damage.
You slash the orb spider! Your headbutt misses the orb spider.
The orb spider is almost dead.
The orb spider pulsates with a strange energy.
The orb spider begins to weave its threads into a brightly glowing ball.
You kill the orb spider!
Qazlal accepts your kill.
The orb spider weaves a glowing orb of energy.
Your Axes skill increases to level 10!
An orb of destruction comes into view.
You slash the jumping spider!
The jumping spider is poisoned.
You headbutt the jumping spider, but do no damage.
The jumping spider is heavily wounded.
You feel yourself speed up.
Your protection from physical attacks is fading.
The jumping spider leaps!
The orb of destruction hits you!!!
* * * LOW HITPOINT WARNING * * *
You see here a jumping spider corpse.
The orb spider begins to weave its threads into a brightly glowing ball.
The jumping spider leaps!
You feel less protected from physical attacks.
You kill the jumping spider!
Qazlal accepts your kill.
Your Armour skill increases to level 12!
The orb spider weaves a glowing orb of energy.
An orb of destruction comes into view.
The orb of destruction hits a rock wall.
The orb spider pulsates with a strange energy.
You recover from your berserk rage.
The orb spider weaves a glowing orb of energy.
An orb of destruction comes into view.
The orb of destruction hits you!!!
You die...

#...# #s..##
##○°†##
###..#
##†..#
#.s###
##°.###
#.☼##^##
#@.....#
#☼....#.##
#°○§>†...#
#.†.††.....#
######.....^
.....# .####
##


You could see an orb spider.

Vanquished Creatures
  Louise (Spider:1)
  Harold (D:9)
  Urug (Lair:2)
  3 death yaks (D:9)
  An orb spider (Spider:1)
  Pikel (D:9)
  An oklob plant (Lair:1)
  Maggie (D:8)
  A cane toad (Lair:2)
  A komodo dragon (Lair:1)
  2 trolls (D:9)
  3 tarantellas (Spider:1)
  Grinder (D:5)
  Prince Ribbit (D:7)
  A vampire (D:8)
  A culicivora (Spider:1)
  9 jumping spiders
  A wyvern (D:9)
  24 yaks
  2 steam dragons
  Duvessa (D:5)
  An orc warrior (D:8)
  A black bear (D:7)
  A sky beast (D:6)
  An ice beast (D:5)
  6 wolves (Lair:1)
  3 centaurs
  2 lemures (D:9)
  A phantom (D:5)
  Blork the orc (D:4)
  2 kobold brigands
  5 bullfrogs
  A gnoll sergeant (D:9)
  3 scorpions (D:5)
  5 wights (D:7)
  Dowan (D:5)
  5 killer bees (D:8)
  3 howler monkeys (D:9)
  2 jellies (D:5)
  2 hounds (D:6)
  3 orc priests
  A gnoll bouda (D:8)
  Crazy Yiuf (D:5)
  Ijyb (D:5)
  2 iguanas
  4 orc wizards
  3 hell rats (D:9)
  2 adders
  17 gnolls
  3 river rats (D:9)
  2 white imps
  An ufetubus (D:7)
  3 worms (D:2)
  2 dart slugs
  33 orcs
  3 bat zombies (D:4)
  8 endoplasms
  7 giant cockroaches
  5 hobgoblins
  5 quokkas
  8 ball pythons
  6 bats
  2 frilled lizards (D:2)
  7 goblins
  18 kobolds
  5 rats
  A rat zombie (D:4)
257 creatures vanquished.

Vanquished Creatures (others)
  An emperor scorpion (Spider:1)
  6 fungi
  3 plants
10 creatures vanquished.

Grand Total: 267 creatures vanquished

Notes
Turn   | Place    | Note
-------+----------+-------------------------------------------
     0 | D:1      | billybob123456 the Minotaur Fighter began the quest for the
                  | Orb.
     0 | D:1      | Reached XP level 1. HP: 19/19 MP: 0/0
   278 | D:1      | Reached XP level 2. HP: 24/27 MP: 1/1
   331 | D:1      | Found a faded altar of an unknown god.
   344 | D:1      | Prayed at the altar of an unknown god.
   344 | D:1      | Became a worshipper of Qazlal Stormbringer
   344 | D:1      | Reached * piety under Qazlal
   533 | D:1      | Reached XP level 3. HP: 25/33 MP: 2/2
  1159 | D:2      | Identified the +1 leather armour "Jaer" {Will+}
  1474 | D:2      | Reached ** piety under Qazlal
  1485 | D:2      | Reached XP level 4. HP: 7/40 MP: 3/3
  2017 | D:2      | Identified the +17 plate armour of the Black Moon {rC+
                  | Int+2}
  2615 | D:3      | Identified the +6 whip "Quach" {vorpal, rF++ rC++ Will-}
  2953 | D:4      | Found a transporter.
  2954 | D:4      | Found a transporter.
  2954 | D:4      | Noticed a sky beast
  3188 | D:4      | Reached XP level 5. HP: 47/47 MP: 4/4
  3266 | D:4      | Noticed Blork the orc
  3282 | D:4      | Killed Blork the orc
  3283 | D:4      | Reached skill level 5 in Armour
  3283 | D:4      | Reached *** piety under Qazlal
  3291 | D:4      | Found an ancient bone altar of Kikubaaqudgha.
  3491 | D:4      | Reached skill level 5 in Fighting
  3491 | D:4      | Reached skill level 5 in Shields
  3612 | D:4      | Found a white marble altar of Elyvilon.
  3764 | D:4      | Noticed a yak
  3767 | D:4      | Found a glowing silver altar of Zin.
  3768 | D:4      | Found a sparkling altar of Nemelex Xobeh.
  3768 | D:4      | Found a radiant altar of Vehumet.
  4087 | D:5      | Entered Level 5 of the Dungeon
  4087 | D:5      | Found Xyx Joprao's Magic Scroll Shop.
  4090 | D:5      | Bought a scroll of teleportation for 39 gold pieces
  4097 | D:5      | Reached XP level 6. HP: 55/56 MP: 5/5
  4097 | D:5      | Found Zercheri's Antique Weapon Shoppe.
  4115 | D:5      | Noticed Grinder
  4139 | D:5      | Reached skill level 5 in Long Blades
  4147 | D:5      | Killed Grinder
  4148 | D:5      | Reached XP level 7. HP: 53/63 MP: 6/6
  4169 | D:5      | Found Gaxtusm's Jewellery Boutique.
  4176 | D:5      | Noticed Duvessa
  4178 | D:5      | Noticed Dowan
  4189 | D:5      | Killed Duvessa
  4200 | D:5      | Killed Dowan
  4283 | D:5      | Found Nusmet's Distillery.
  4360 | D:5      | Found Wuops's Assorted Antiques.
  4466 | D:5      | Reached XP level 8. HP: 71/71 MP: 7/7
  4486 | D:5      | Found a shimmering blue altar of Sif Muna.
  4686 | D:5      | Noticed Ijyb
  4691 | D:5      | Killed Ijyb
  4949 | D:5      | Found a runed translucent door.
  4951 | D:5      | Noticed Crazy Yiuf
  5079 | D:5      | Killed Crazy Yiuf
  5524 | D:6      | Found Wixiraer's Jewellery Shoppe.
  5649 | D:6      | Reached skill level 1 in Axes
  6211 | D:7      | Reached **** piety under Qazlal
  6425 | D:7      | Noticed Prince Ribbit
  6432 | D:7      | Killed Prince Ribbit
  6433 | D:7      | Reached XP level 9. HP: 80/81 MP: 8/8
  6439 | D:7      | Learned a level 1 spell: Beastly Appendage
  6457 | D:7      | Found a staircase to the Ecumenical Temple.
  6463 | Temple   | Entered the Ecumenical Temple
  7331 | D:8      | Noticed Maggie
  7340 | D:8      | Killed Maggie
  8068 | D:8      | Reached skill level 5 in Axes
  8469 | D:9      | Noticed a death yak
  8472 | D:9      | Noticed a death yak
  8472 | D:9      | Noticed a death yak
  8476 | D:9      | Reached skill level 10 in Armour
  8476 | D:9      | Reached skill level 10 in Shields
  8476 | D:9      | Reached XP level 10. HP: 73/95 MP: 9/9
  8488 | D:9      | HP: 4/93 [death yak (14)]
  8516 | D:9      | Killed a death yak
  8534 | D:9      | Killed a death yak
  8535 | D:9      | Reached XP level 11. HP: 23/102 MP: 10/10
  8751 | D:9      | Found a staircase to the Lair.
  8772 | D:9      | Killed a death yak
  8773 | D:9      | Reached skill level 10 in Long Blades
  8790 | D:9      | Noticed Pikel
  8813 | D:9      | Killed Pikel
  9434 | D:9      | Noticed Harold
  9463 | D:9      | Killed Harold
  9640 | Lair:1   | Entered Level 1 of the Lair of Beasts
  9640 | Lair:1   | Noticed an oklob plant
  9657 | Lair:1   | Killed an oklob plant
  9747 | Lair:1   | Learned a level 1 spell: Summon Small Mammal
  9767 | Lair:1   | Reached ***** piety under Qazlal
  9904 | Lair:1   | Identified the +1 ring mail of Painted Knowledge {Dex+6}
 10012 | Lair:1   | Found a gate leading to a gauntlet.
 10590 | Lair:2   | Noticed Urug
 10610 | Lair:2   | Killed Urug
 10613 | Lair:2   | Reached XP level 12. HP: 76/113 MP: 11/11
 10679 | Lair:2   | Found a hole to the Spider Nest.
 10691 | Spider:1 | Entered Level 1 of the Spider Nest
 10710 | Spider:1 | Noticed Louise
 10714 | Spider:1 | Noticed an emperor scorpion
 10738 | Spider:1 | Killed Louise
 10744 | Spider:1 | Killed an emperor scorpion
 10772 | Spider:1 | Reached skill level 10 in Axes
 10788 | Spider:1 | Blown up by an orb spider

Illustrated notes

Levels and vault maps discovered:
D:1:      heliophobic_arrival_henge, layout_basic,
          hellmonk_ecumenical_altar_slurped_away, minmay_hexomino_f4
D:2:      layout_basic
D:3:      layout_basic
D:4:      layout_loops_corners, mainiacjoe_overflow_alcove_4,
          lemuel_zombie_altar_kikubaaqudgha, gammafunk_temple_overflow_arena,
          uniq_blork_the_orc
D:5:      layout_basic, lemuel_coloured_pillars_altar, serial_shops,
          nicolae_shop_trees, nicolae_diamond_shop,
          nicolae_shop_advertising_works [nicolae_subvault_shop_adworks], shop,
          shop_statue, uniq_grinder, uniq_ijyb, uniq_crazy_yiuf_cottage,
          uniq_duvessa
D:6:      layout_cave_pools, serial_shops, nicolae_lakefront_shop
D:7:      layout_loops_ring, temple_green, nicolae_figureground_sparkle,
          uniq_prince_ribbit1
D:8:      layout_gridville, minivault_10, uniq_maggie
D:9:      layout_cave_pods, dpeg_lair_monsters, uniq_pikel, uniq_harold
Temple:   hellmonk_temple_of_storms
Lair:1:   layout_small_grid, gauntlet_entry_generic, dpeg_stationary_puzzle,
          grunt_megastairs_2
Lair:2:   layout_loops_ring, swamp_mist, spider_nest_entry_funnel_web,
          st_stairs_9, tgw_fedhas, grunt_megastairs_3, uniq_gastronok, uniq_urug
Spider:1: layout_spider_delve, uniq_nikola, uniq_louise, uniq_josephine

Skill      XL: |  1  2  3  4  5  6  7  8  9 10 11 12 |
---------------+-------------------------------------+-----
Fighting       | 4 5 6 7 11 12 | 12.9
Armour         | 4 5 6 7 10 11 12 | 12.0
Shields        | 4 5 6 7 10 11 12 | 12.1
Long Blades    | 3 4 5 6 7 9 11 | 11.7
Axes           | 3 7 9 10 | 10.0

Action                   |  1- 3 |  4- 6 |  7- 9 | 10-12 || total
-------------------------+-------+-------+-------+-------++-------
Melee: Long sword        |    83 |   129 |    52 |       ||   264
       Headbutt          |    10 |    19 |    59 |    85 ||   173
       Rapier            |       |       |   190 |   271 ||   461
       War axe           |       |       |       |    65 ||    65
Invok: Upheaval          |       |       |     3 |       ||     3
  Use: Potion            |     3 |     1 |    10 |     7 ||    21
       Scroll            |       |       |       |     1 ||     1
Armor: Scale mail        |    20 |       |       |       ||    20
       Plate armour      |    19 |    99 |   217 |   318 ||   653
Dodge: Dodged            |    32 |    43 |    70 |   104 ||   249
       Repelled          |       |       |     1 |     1 ||     2
Block: Buckler           |    27 |    47 |   156 |   309 ||   539
